 Dungeon Crawl Stone Soup version 0.28-a0-1435-g82390b3a13 (webtiles) character file.

Game seed: 13194199208719381087

55234 gimp the Fencer (level 14, -3/186 HPs)
             Began as a Minotaur Gladiator on Jan 9, 2022.
             Was an Initiate of Gozag.
             Slain by an entropy weaver simulacrum (14 damage)
             ... in an ice cave.
             The game lasted 00:48:59 (26161 turns).

gimp the Fencer (Minotaur Gladiator)               Turns: 26161, Time: 00:49:00

Health: -3/186     AC: 27    Str: 26    XL:     14   Next: 37%
Magic:  0/13       EV:  2    Int:  5    God:    Gozag
Gold:   642        SH:  0    Dex: 18    Spells: 13/13 levels left

rFire   + . .      SeeInvis .   b - +1 great sword
rCold   + . .      Faith    .   (shield currently unavailable)
rNeg    + . .      Spirit   +   (armour currently unavailable)
rPois   +          Reflect  .   (helmet currently unavailable)
rElec   .          Harm     .   (cloak currently unavailable)
rCorr   +          Rampage  .   (gloves currently unavailable)
Will    +....      NoTele   +   (boots currently unavailable)
Stlth   ++........              m - amulet of guardian spirit
HPRegen 0.41/turn               M - ring of Hyegiyth {rF+ rN+ rCorr Str+5 Dex+3}
MPRegen 0.13/turn               w - ring of protection from cold

@: tree-form, gold aura
A: stationary, stasis, torment immunity, boosted hp, (horns 2), (retaliatory
headbutt)
a: Renounce Religion, Potion Petition, Call Merchant, Bribe Branch


You were in an ice cave.
You worshipped Gozag.
Gozag was pleased with you.
You were a tree.
You visited 3 branches of the dungeon, and saw 18 of its levels.
You also visited: Gauntlet, Ice Cave and Volcano.

You collected 5219 gold pieces.
You spent 1324 gold pieces at shops.
You paid 3253 gold pieces to Gozag.

Inventory:

Hand Weapons
 a - a +1 falchion of electrocution
 b - a +1 great sword (weapon)
 e - a +2 long sword of freezing
 P - the +14 obsidian axe {vorpal, Mesm Drain Fly SInv}
   (You took it off a minotaur in a Gauntlet)

   It inflicts extra damage upon your enemies.
   It occasionally summons demons to assist the wielder when it strikes in
   combat.
   Its wielder is mesmerised by any visible foes.
   It cannot be unequipped while any foes are visible.
   SInv:      It lets you see invisible.
   Fly:       It grants you flight.
   Drain:     It drains your maximum health when unequipped.
Missiles
 k - 2 throwing nets
 B - 48 poisoned darts (quivered)
 Q - 11 silver javelins
Armour
 g - a +0 cloak of poison resistance (melded)
 y - the +2 pair of boots of Uskayaw's Favour (melded) {Fly}
   (You found it in a Gauntlet)

   Fly:       It grants you flight.
 J - a +0 plate armour (melded)
 N - a +2 pair of gloves (melded)
 O - a scarf of invisibility
 T - a +1 hat of willpower (melded)
Jewellery
 m - an amulet of guardian spirit (around neck)
 w - a ring of protection from cold (right branch)
 M - the ring of Hyegiyth (left branch) {rF+ rN+ rCorr Str+5 Dex+3}
   (You bought it in a shop on level 13 of the Dungeon)

   [ring of protection from fire]

   Str:       It affects your strength (+5).
   Dex:       It affects your dexterity (+3).
   rF:        It protects you from fire.
   rN:        It protects you from negative energy.
   rCorr:     It protects you from acid and corrosion.
Wands
 x - a wand of digging (13)
 C - a wand of polymorph (5)
 D - a wand of mindburst (17)
 L - a wand of charming (5)
 R - a wand of flame (7)
 S - a wand of paralysis (3)
Scrolls
 f - a scroll of brand weapon
 h - a scroll of vulnerability
 l - 3 scrolls of blinking
 o - a scroll of amnesia
 p - 2 scrolls of fog {unknown}
 q - 2 scrolls of immolation {unknown}
 r - 6 scrolls of magic mapping
 A - a scroll of silence {unknown}
 E - 4 scrolls of enchant armour {unknown}
 F - 3 scrolls of fear
 G - 4 scrolls of teleportation
 K - a scroll of enchant weapon
 U - a scroll of torment {unknown}
Potions
 d - 2 potions of invisibility
 i - 2 potions of ambrosia
 j - 2 potions of brilliance
 n - 2 potions of flight
 s - a potion of might
 t - 4 potions of mutation
 u - 2 potions of heal wounds
 z - 6 potions of curing
 H - 2 potions of attraction
 I - 2 potions of cancellation
Miscellaneous
 c - a phial of floods


   Skills:
 - Level 11.5 Fighting
 * Level 17.1 Long Blades
 - Level 2.0 Throwing
 - Level 15.0 Armour
 + Level 10.0 Dodging
 - Level 11.0 Evocations


You had 13 spell levels left.
You didn't know any spells.
Your spell library contained the following spells:

 Spells                   Type           Power      Damage    Failure   Level
 Shock                    Conj/Air       0%         1d3       47%         1
 Poisonous Vapours        Pois/Air       0%         N/A       63%         2
 Static Discharge         Conj/Air       0%         N/A       63%         2
 Gell's Gravitas          Tloc           0%         N/A       85%         3
 Inner Flame              Hex/Fire       0%         N/A       85%         3
 Lesser Beckoning         Tloc           0%         N/A       85%         3
 Ozocubu's Armour         Ice            0%         N/A       85%         3
 Spider Form              Tmut/Pois      0%         N/A       85%         3
 Stone Arrow              Conj/Erth      0%         3d7       85%         3
 Swiftness                Air            0%         N/A       85%         3
 Teleport Other           Tloc           0%         N/A       85%         3
 Airstrike                Air            0%         N/A       99%         4
 Animate Armour           Summ/Erth      0%         N/A       99%         4
 Cause Fear               Hex            0%         N/A       99%         4
 Dispel Undead            Necr           0%         3d6       99%         4
 Sticky Flame             Conj/Fire      0%         2d3       99%         4
 Summon Lightning Spire   Summ/Air       0%         N/A       99%         4
 Dispersal                Tloc           0%         N/A       100%        6
 Eringya's Noxious Bog    Tmut/Pois      0%         N/A       100%        6
 Ozocubu's Refrigeration  Ice            0%         4d5       100%        7
 Storm Form               Tmut/Air       0%         N/A       100%        7
 Discord                  Hex            0%         N/A       100%        8
 Disjunction              Tloc           0%         N/A       100%        8
 Lehudib's Crystal Spear  Conj/Erth      0%         10d2      100%        8
 Maxwell's Capacitive Co  Air            0%         ∞         100%        8


Dungeon Overview and Level Annotations

Branches:
Dungeon (15/15)            Temple (0/1) D:7            Lair (1/6) D:10
    Orc (2/2) D:12            Elf (0/3) Orc:2        Vaults (0/5) D:13
 Depths (0/4) D:15          IceCv (1/1)             Volcano (visited)
Gauntlet (visited)

Altars:
Ashenzari
Dithmenos
Gozag
Hepliaklqana
Ru
Trog
Vehumet
Xom
Zin
Beogh

Shops:
D:7 :   D:13 *[=(   D:14 (   Orc:2 [=[?

Annotations:
D:13 2 runed translucent doors, Remav's ghost, adept GnAr


Innate Abilities, Weirdness & Mutations

You are a tree.
Your roots penetrate the ground, keeping you stationary.
You cannot be teleported.
You are immune to unholy pain and torment.
Your maximum health is greatly increased.
Your equipment is partially melded.
((You have a pair of horns on your head.))
((You reflexively headbutt those who attack you in melee.))


Message History

* * * LOW HITPOINT WARNING * * *
The deep troll simulacrum claws you.
* * * LOW HITPOINT WARNING * * *
The deep troll simulacrum freezes you. You resist.
* * * LOW HITPOINT WARNING * * *
You take 45 damage, and have 29/186 hp.
MASSIVE DAMAGE!!
You now have 3/13 mp.
You slash the deep troll simulacrum!
The deep troll simulacrum is almost destroyed.
The deep troll simulacrum bites you but does no damage.
The deep troll simulacrum claws you but does no damage. x2
You slash the deep troll simulacrum!
The deep troll simulacrum vaporises!
You slice the entropy weaver simulacrum!!
The entropy weaver simulacrum is heavily damaged.
The entropy weaver simulacrum hits you but does no damage.
The entropy weaver simulacrum hits you!
* * * LOW HITPOINT WARNING * * *
The entropy weaver simulacrum freezes you!
You resist.
* * * LOW HITPOINT WARNING * * *
The entropy weaver simulacrum hits you but does no damage. x2
You take 20 damage, and have 10/186 hp.
You now have 1/13 mp.
You feel much better.
The entropy weaver simulacrum hits you but does no damage.
The entropy weaver simulacrum hits you.
* * * LOW HITPOINT WARNING * * *
The entropy weaver simulacrum freezes you.
You resist.
* * * LOW HITPOINT WARNING * * *
The entropy weaver simulacrum hits you.
* * * LOW HITPOINT WARNING * * *
The entropy weaver simulacrum freezes you!
You resist.
* * * LOW HITPOINT WARNING * * *
The entropy weaver simulacrum hits you!
* * * LOW HITPOINT WARNING * * *
The entropy weaver simulacrum freezes you!
You resist.
You die...
Your body crumbles into a pile of gold.

#☼# ##.##.#..##
.☼§ #..#.#...#
..☼# ##...##..###
..§§# #..#≈##...#
..§§☼ ##.##≈##..#
####≈≈##.## ###
##≈≈##.## ##.####
##≈≈##.##
#.♣.#.######≈≈#..#
#Z#....#.# ###..##
#.##.#.#.# ##..##
$ Z# ###...###.#.#
$ .. ##.#.##..##
#.# ###....## #.
##..## .. ##.# $
##.##


You could see a lindwurm simulacrum and an entropy weaver simulacrum.

Vanquished Creatures
  Frances (D:14)
  Agnes (D:15)
  An orc warlord (Orc:1)
  A minotaur (Gauntlet)
  2 hydras
  An ogre mage (D:13)
  3 centaur warriors
  A catoblepas (D:13)
  11 two-headed ogres
  A tengu warrior (D:14)
  4 orc high priests
  3 skeletal warriors (D:13)
  Pikel (D:7)
  A deep troll (D:12)
  3 spriggan simulacra (IceCv)
  A necromancer (D:13)
  A deep elf pyromancer (D:13)
  2 orc sorcerers
  13 ugly things
  3 cyclopes
  3 unseen horrors
  A gargoyle (D:13)
  An anaconda simulacrum (IceCv)
  11 ice devils (IceCv)
  7 trolls
  3 freezing wraiths
  A polar bear (shapeshifter) (D:14)
  2 tyrant leeches (Gauntlet)
  A hornet (D:8)
  8 slime creatures (D:14)
  Sigmund (D:3)
  2 shadows
  A centaur simulacrum (D:14)
  27 yaks
  A wyvern (D:9)
  4 minotaur simulacra (IceCv)
  2 steam dragons
  8 wargs
  Menkaure (D:4)
  4 vampire mosquitoes (D:12)
  A harpy simulacrum (IceCv)
  A basilisk (D:14)
  5 swamp worms (Gauntlet)
  A hydra simulacrum (IceCv)
  2 water moccasins
  24 orc warriors
  2 ice beasts
  3 sky beasts
  A black bear (D:6)
  A necrophage (D:7)
  8 ogres
  4 lemures
  7 centaurs
  A phantom (D:7)
  4 kobold brigands
  Blork the orc (D:4)
  2 bullfrogs
  A wyvern zombie (D:8)
  A gnoll sergeant (D:11)
  4 scorpions
  4 deep troll simulacra (IceCv)
  A water moccasin skeleton (D:7)
  19 wights
  3 killer bees
  2 howler monkeys
  4 centaur zombies
  4 hounds
  A jelly (D:6)
  A gnoll shaman (D:9)
  29 orc priests
  Ijyb (D:3)
  2 bullfrog skeletons (D:5)
  Natasha (twice) (D:2)
  An iguana (D:5)
  35 orc wizards
  A scorpion zombie (D:5)
  3 killer bee zombies
  2 hound skeletons (D:4)
  2 howler monkey zombies
  Robin (D:2)
  17 gnolls
  5 adders
  A shadow imp (D:7)
  2 white imps
  An ufetubus (D:6)
  3 worms
  3 dart slugs
  55 orcs
  5 endoplasms
  5 giant cockroaches
  11 goblins
  7 hobgoblins
  9 jackals
  4 quokkas
  11 ball pythons
  9 bats
  2 frilled lizards (D:1)
  19 kobolds
  6 rats
511 creatures vanquished.

Vanquished Creatures (others)
  A wizard (D:8)
1 creature vanquished.

Grand Total: 512 creatures vanquished

Notes
Turn   | Place    | Note
-------+----------+-------------------------------------------
     0 | D:1      | gimp the Minotaur Gladiator began the quest for the Orb.
     0 | D:1      | Reached XP level 1. HP: 18/18 MP: 0/0
    56 | D:1      | Reached XP level 2. HP: 26/26 MP: 1/1
   251 | D:1      | Reached skill level 4 in Long Blades
   724 | D:1      | Reached XP level 3. HP: 33/33 MP: 2/2
   961 | D:2      | Found a faded altar of an unknown god.
   961 | D:2      | Noticed Natasha
   991 | D:2      | Killed Natasha
  1258 | D:2      | Reached XP level 4. HP: 41/41 MP: 3/3
  1325 | D:2      | Noticed Robin
  1346 | D:2      | Killed Robin
  1354 | D:2      | HP: 2/41 [poisoned by Robin]
  1376 | D:1      | HP: 2/41 [goblin[Robin] (2)]
  1876 | D:2      | Noticed Natasha
  1879 | D:2      | Killed Natasha
  1880 | D:2      | Reached skill level 5 in Fighting
  1880 | D:2      | Reached skill level 5 in Long Blades
  1947 | D:2      | Reached XP level 5. HP: 48/48 MP: 4/4
  2191 | D:3      | Noticed Sigmund
  2220 | D:3      | Killed Sigmund
  2221 | D:3      | Reached skill level 7 in Long Blades
  2221 | D:3      | Reached XP level 6. HP: 24/56 MP: 5/5
  2479 | D:3      | Found a shadowy altar of Dithmenos.
  2607 | D:3      | Found an opulent altar of Gozag.
  2608 | D:3      | Noticed Ijyb
  2624 | D:3      | Killed Ijyb
  2750 | D:3      | Became a worshipper of Gozag Ym Sagoz the Greedy
  3002 | D:3      | Found a shimmering altar of Xom.
  3350 | D:3      | Reached skill level 8 in Long Blades
  3652 | D:4      | Reached XP level 7. HP: 55/61 MP: 6/6
  3656 | D:4      | Reached skill level 9 in Long Blades
  3738 | D:4      | Noticed Menkaure
  3752 | D:4      | Killed Menkaure
  3819 | D:4      | Reached skill level 10 in Long Blades
  4302 | D:4      | Found a glowing silver altar of Zin.
  4348 | D:4      | Noticed Blork the orc
  4355 | D:4      | Killed Blork the orc
  4467 | D:5      | Entered Level 5 of the Dungeon
  4517 | D:5      | Noticed a yak
  4518 | D:5      | Noticed a yak
  4519 | D:5      | Noticed a yak
  4519 | D:5      | Noticed a yak
  4568 | D:5      | Found a radiant altar of Vehumet.
  4631 | D:5      | Reached XP level 8. HP: 68/68 MP: 7/7
  4660 | D:4      | Reached skill level 11 in Long Blades
  4674 | D:4      | Reached skill level 12 in Long Blades
  4923 | D:4      | Reached skill level 13 in Long Blades
  5392 | D:5      | Found a hazy altar of Hepliaklqana.
  5520 | D:6      | Reached XP level 9. HP: 52/74 MP: 8/8
  5811 | D:6      | Reached skill level 14 in Long Blades
  5865 | D:6      | Reached skill level 1 in Armour
  6218 | D:6      | Reached skill level 1 in Evocations
  6800 | D:7      | Reached skill level 5 in Armour
  7045 | D:7      | Reached skill level 5 in Dodging
  7345 | D:7      | Found a staircase to the Ecumenical Temple.
  7453 | D:7      | Reached XP level 10. HP: 78/81 MP: 9/9
  7602 | D:7      | Found Qiwn's Book Boutique.
  7830 | D:7      | Noticed a cyclops
  8801 | D:7      | Killed a cyclops
  9146 | D:8      | Noticed Pikel
  9195 | D:7      | Killed Pikel
 10672 | D:8      | Found a bloodstained altar of Trog.
 10674 | D:8      | Noticed a wizard
 10680 | D:8      | Killed a wizard
 11147 | D:9      | Reached skill level 5 in Evocations
 11270 | D:9      | Found a broken altar of Ashenzari.
 11352 | D:9      | Reached skill level 10 in Armour
 11370 | D:9      | Reached XP level 11. HP: 34/86 MP: 10/10
 11786 | D:10     | Entered Level 10 of the Dungeon
 12205 | D:10     | Noticed a two-headed ogre
 12415 | D:10     | Killed a two-headed ogre
 13180 | D:10     | Found a staircase to the Lair.
 13426 | D:11     | Noticed a green ugly thing
 13473 | D:10     | Killed a green ugly thing
 14031 | D:11     | Noticed a two-headed ogre
 14041 | D:11     | Killed a two-headed ogre
 15401 | D:12     | Noticed a green ugly thing
 15411 | D:12     | Killed a green ugly thing
 15412 | D:12     | Reached skill level 10 in Evocations
 15412 | D:12     | Reached XP level 12. HP: 72/94 MP: 6/11
 15549 | D:12     | Found a staircase to the Orcish Mines.
 16357 | D:13     | Found Fefiabee's General Store.
 16368 | D:13     | Bought a scroll of magic mapping for 63 gold pieces
 16368 | D:13     | Bought a scroll of identify for 36 gold pieces
 16631 | D:13     | Noticed a centaur warrior
 16644 | D:13     | Killed a centaur warrior
 16665 | D:13     | Found a runed translucent door.
 16923 | D:13     | Noticed a lich
 16923 | D:13     | Noticed Remav's ghost (adept GnAr)
 16924 | D:13     | Noticed a stone giant
 16925 | D:13     | Noticed a fire giant
 16944 | D:13     | Noticed a four-headed hydra
 17118 | Lair:1   | Entered Level 1 of the Lair of Beasts
 17125 | Lair:1   | Noticed a five-headed hydra
 17192 | Orc:1    | Entered Level 1 of the Orcish Mines
 17193 | Orc:1    | Noticed a two-headed ogre
 17198 | D:12     | Paralysed by an orc sorcerer for 6 turns
 17288 | D:12     | Killed a two-headed ogre
 17621 | Orc:2    | Entered Level 2 of the Orcish Mines
 17645 | Orc:2    | Found a staircase to the Elven Halls.
 17746 | Orc:2    | Found a dark tunnel.
 17879 | Volcano  | Entered a volcano
 17966 | Orc:2    | Noticed an orc high priest
 17985 | Orc:2    | Killed an orc high priest
 18056 | Orc:2    | Noticed an orc high priest
 18065 | Orc:2    | Killed an orc high priest
 18154 | Orc:2    | Noticed an orc high priest
 18176 | Orc:2    | Killed an orc high priest
 18564 | Orc:1    | Noticed an orc warlord
 18969 | Orc:2    | Found Wanawugimn's Armour Shop.
 18969 | Orc:2    | Found Teschaxu's Magic Scroll Shop.
 18970 | Orc:2    | Found Vyses's Jewellery Boutique.
 18975 | Orc:2    | Found Estyckutt's Armour Boutique.
 19008 | Orc:2    | Bought a scroll of blinking for 112 gold pieces
 19008 | Orc:2    | Bought a scroll of teleportation for 45 gold pieces
 19008 | Orc:2    | Bought a scroll of noise for 15 gold pieces
 19012 | Orc:2    | Bought a +0 cloak of poison resistance for 119 gold pieces
 19012 | Orc:2    | Bought a +2 pair of gloves for 231 gold pieces
 19106 | Orc:2    | Noticed an orc high priest
 19128 | Orc:1    | Killed an orc high priest
 19850 | Orc:1    | Killed an orc warlord
 20536 | D:13     | Reached XP level 13. HP: 96/111 MP: 10/12
 20722 | D:13     | Found a runed translucent door.
 20874 | D:13     | Reached skill level 10 in Fighting
 21306 | D:13     | Paralysed by an ogre mage for 2 turns
 22306 | D:13     | Found a gate to the Vaults.
 22411 | D:13     | Bought the ring of Hyegiyth {rF+ rN+ rCorr Str+5 Dex+3} for
                  | 703 gold pieces
 22574 | D:14     | Found a gate leading to a gauntlet.
 22583 | Gauntlet | Entered a Gauntlet
 22583 | Gauntlet | Found a transporter.
 22586 | Gauntlet | Found a runed translucent door.
 22586 | Gauntlet | Found a transporter.
 22588 | Gauntlet | Found a transporter.
 22588 | Gauntlet | Found a transporter.
 22591 | Gauntlet | Found a transporter.
 22596 | Gauntlet | Found a transporter.
 22601 | Gauntlet | Found a transporter.
 22602 | Gauntlet | Found a transporter.
 22669 | Gauntlet | Found a transporter.
 22674 | Gauntlet | Found a transporter.
 22685 | Gauntlet | Found a transporter.
 22692 | Gauntlet | Found a transporter.
 22970 | Gauntlet | Identified the +2 pair of boots of Uskayaw's Favour {Fly}
 23012 | Gauntlet | Reached skill level 15 in Armour
 23091 | Gauntlet | Found the +5 robe of Misfortune {Harm *Corrode *Slow EV+5}
 23091 | Gauntlet | Noticed a minotaur
 23098 | Gauntlet | Killed a minotaur
 23109 | Gauntlet | Got the Incunabulum of the Vitriolic Frostbite
 23204 | D:14     | Found a sacrificial altar of Ru.
 23229 | D:14     | Reached skill level 15 in Long Blades
 24120 | D:14     | Noticed Frances
 24130 | D:14     | Killed Frances
 24131 | D:14     | Reached XP level 14. HP: 77/120 MP: 7/13
 24313 | D:15     | Entered Level 15 of the Dungeon
 24332 | D:15     | Reached skill level 16 in Long Blades
 24762 | D:15     | Found a frozen archway.
 24762 | D:15     | Noticed Agnes
 24779 | D:15     | Killed Agnes
 24891 | IceCv    | Entered an ice cave
 26096 | IceCv    | Reached skill level 17 in Long Blades
 26153 | IceCv    | Reached skill level 10 in Dodging
 26161 | IceCv    | Slain by an entropy weaver simulacrum

Illustrated notes

Levels and vault maps discovered:
D:1:      psy_arrival_terrarium, layout_basic, chequers_decorated_corner,
          minmay_tromino_v2
D:2:      layout_loops_ring, hellmonk_ecumenical_altar_crossroads, uniq_robin,
          uniq_natasha
D:3:      layout_loops_ring, mainiacjoe_overflow_alcove_4, lemuel_crystal_altar,
          nicolae_dithmenos_through_a_glass_darkly, uniq_ijyb, uniq_sigmund
D:4:      layout_rooms, zin_treasury, uniq_menkaure, uniq_blork_the_orc
D:5:      layout_cave_pools, nicolae_vehumet_radiance, kennysheep_mini_moat
D:6:      layout_basic
D:7:      minmay_chambers_of_fours, layout_cave_pools,
          minmay_temple_entry_purple_smoke, serial_gnoll_camp,
          gnoll_camp_mini_shop, gnoll_camp_mini_doghouse,
          gnoll_camp_mini_loothouse, gnoll_camp_mini_hut
D:8:      layout_loops_cross, trog_wizard, grunt_decor_clamped, abandoned_shop,
          hangedman_decor_slide_cut, grunt_potential, uniq_pikel
D:9:      layout_rooms, ashenzari_altar_1
D:10:     layout_small_grid, erik_lair_orcish_takeover, grunt_ministairs_15
D:11:     layout_cave_pods
D:12:     layout_basic, david_orc_2
D:13:     layout_gridville, david_vaults_4, muffindrake_ghost_dual_entry,
          serial_shops, nicolae_shop_temple_entry_statues_fountains, drop_trap
D:14:     layout_roguey, nicolae_ru_sacrificial_ziggurat,
          gauntlet_entry_generic, uniq_frances
D:15:     gammafunk_enter_depths_forms, layout_long_grid,
          nicolae_trove_entry_path_of_doom, portal_ice_cave_entry_frozen_things,
          minmay_misc_feat_doors, nooodl_orcs_dogs, uniq_agnes
Lair:1:   layout_regular_city, basic_altar, st_stairs_7
Orc:1:    layout_caves, basic_altar
Orc:2:    st_orc_mages, layout_caves, lightli_volcano_entry_magma_tube,
          hellmonk_bongcloud_opening
IceCv:    ice_cave_caverns_01

Skill      XL: |  1  2  3  4  5  6  7  8  9 10 11 12 13 14 |
---------------+-------------------------------------------+-----
Fighting       | 3 4 5 9 11 | 11.5
Long Blades    | 4 5 7 8 10 13 14 15 17 | 17.1
Armour         | 6 10 11 13 15 | 15.0
Dodging        | 5 7 8 10 | 10.0
Evocations     | 3 5 10 11 | 11.0
Throwing       | |  2.0

Action                   |  1- 3 |  4- 6 |  7- 9 | 10-12 | 13-15 || total
-------------------------+-------+-------+-------+-------+-------++-------
Melee: Long sword        |    62 |   153 |   261 |  1009 |       ||  1485
       Headbutt          |     8 |    27 |    53 |   222 |   116 ||   426
       Punch             |       |     2 |     4 |    11 |     6 ||    23
       Falchion          |       |       |       |     7 |   102 ||   109
       Great sword       |       |       |       |       |   338 ||   338
Throw: Throwing net      |       |     4 |       |     1 |       ||     5
       Dart              |       |       |       |    23 |       ||    23
Invok: Call Merchant     |       |       |       |       |     4 ||     4
Evoke: Wand              |       |       |     5 |    13 |     9 ||    27
       Phial of floods   |       |       |       |       |     1 ||     1
  Use: Potion            |       |       |     2 |     3 |     4 ||     9
       Scroll            |       |       |     1 |    11 |     4 ||    16
 Stab: Distracted        |       |       |       |     6 |     4 ||    10
       Held in net/web   |       |       |       |     1 |       ||     1
       Paralysed         |       |       |       |    12 |     3 ||    15
Armor: Leather armour    |    12 |       |       |       |       ||    12
       Chain mail        |       |    64 |    67 |    60 |       ||   191
       Plate armour      |       |       |       |   310 |   171 ||   481
       Skin              |       |       |       |       |    12 ||    12
Dodge: Dodged            |    44 |    59 |   128 |   524 |   169 ||   924

Table legend: (Time is in decaauts)
 A = Elapsed time spent in this place.
 B = Non-inter-level travel time spent in this place.
 C = Inter-level travel time spent in this place.
 D = Time resting spent in this place.
 E = Time spent auto-exploring this place.
 F = Levels seen in this place.
 G = Mean time per level.
                   A        B        C        D        E       F      G
               +--------+--------+--------+--------+--------+-----+--------+
         Total |  25786 |  24964 |    822 |   4803 |  15013 |  21 | 1227.9 |
       Dungeon |  20942 |  20203 |    739 |   3678 |  12947 |  15 | 1396.1 |
          Lair |      9 |      9 |      0 |      0 |      0 |   1 |    9.0 |
  Orcish Mines |   2976 |   2893 |     83 |    694 |   1194 |   2 | 1488.0 |
      Ice Cave |   1254 |   1254 |      0 |    301 |    723 |   1 | 1254.0 |
       Volcano |      5 |      5 |      0 |      0 |      0 |   1 |    5.0 |
      Gauntlet |    598 |    598 |      0 |    129 |    149 |   1 |  598.0 |
               +--------+--------+--------+--------+--------+-----+--------+

Top non-repeatable levels by time:
     D:7: 2683 daAuts
    D:13: 2174 daAuts
    D:12: 1989 daAuts
    D:14: 1631 daAuts
   Orc:2: 1618 daAuts
     D:1: 1538 daAuts
     D:4: 1534 daAuts
     D:8: 1464 daAuts
    D:10: 1428 daAuts
    D:11: 1364 daAuts
   Orc:1: 1358 daAuts
     D:9: 1320 daAuts
     D:3: 1302 daAuts
   IceCv: 1254 daAuts
     D:6: 1152 daAuts
